 Dungeon Crawl Stone Soup version 0.28.0-43-g3370ac3207 (webtiles) character file.

Game seed: 17921192778657298774

372 silky the Chopper (level 6, -1/51 (56) HPs)
             Began as a Minotaur Chaos Knight on Mar 29, 2022.
             Was a Plaything of Xom.
             Slain by Pikel
             ... wielding a +0 whip of freezing
              (4 damage)
             ... on level 4 of the Dungeon.
             The game lasted 00:16:21 (3209 turns).

silky the Chopper (Minotaur Chaos Knight)           Turns: 3209, Time: 00:16:22

HP:   -1/51 (56)    AC:  9    Str: 18    XL:     6   Next: 43%
MP:   0/5           EV: 14    Int:  9    God:    Xom [..*...]
Gold: 164           SH:  0    Dex: 10    Spells: 5/5 levels left

rFire   . . .      SeeInvis .   a - +0 hand axe (chaos)
rCold   . . .      Faith    .   (no shield)
rNeg    . . .      Spirit   +   i - +0 scale mail
rPois   .          Reflect  .   (helmet restricted)
rElec   +          Harm     .   (no cloak)
rCorr   .          Rampage  .   b - +1 pair of gloves
Will    .....                   (no boots)
Stlth   ..........              h - amulet of guardian spirit
HPRegen 0.17/turn               o - ring "Veacecs" {Fly rElec}
MPRegen 0.09/turn               t - +4 ring of evasion

@: flying, drained
A: horns 2, retaliatory headbutt
a: Renounce Religion


You were on level 4 of the Dungeon.
You worshipped Xom.
You were a toy of Xom.
You visited 1 branch of the dungeon, and saw 4 of its levels.

You collected 164 gold pieces.

Inventory:

Hand Weapons
 a - a +0 hand axe of chaos (weapon)
 n - a +1 hand crossbow of flaming
 v - a +1 spear of pain
 y - a +2 dagger of draining
Missiles
 j - a throwing net (quivered)
 p - 14 bolts
 u - 3 poisoned darts
Armour
 b - a +1 pair of gloves (worn)
 i - a +0 scale mail (worn)
Magical Staves
 c - a staff of death
Jewellery
 d - a ring of willpower
 h - an amulet of guardian spirit (around neck)
 k - a ring of flight
 o - the ring "Veacecs" (left hand) {Fly rElec}
   (Xom gifted it to you on level 2 of the Dungeon)

   [ring of flight]

   rElec:     It insulates you from electricity.
   Fly:       It grants you flight.
 t - a +4 ring of evasion (right hand)
Scrolls
 e - 2 scrolls of enchant weapon
 g - 5 scrolls of identify
 l - a scroll of fog {unknown}
 q - a scroll of blinking {unknown}
 x - a scroll of fear {unknown}
Potions
 f - 2 potions of attraction
 m - a potion of might {unknown}
 r - 3 potions of curing {unknown}
 s - a potion of flight {unknown}
 w - a potion of cancellation {unknown}


   Skills:
 + Level 5.5 Fighting
 + Level 6.5 Axes
 + Level 3.9 Armour
 + Level 2.2 Dodging
 + Level 0.5 Stealth


You had 5 spell levels left.
You didn't know any spells.
Your spell library contained the following spells:

 Spells                   Type           Power      Damage    Failure   Level
 Static Discharge         Conj/Air       0%         N/A       88%         2
 Dispel Undead            Necr           0%         3d6       100%        4
 Sticky Flame             Conj/Fire      0%         2d3       100%        4


Dungeon Overview and Level Annotations

Branches:
Dungeon (4/15)
 Temple: D:4-7

Altars:
Elyvilon
Hepliaklqana
Nemelex Xobeh

Annotations:
D:4 Pikel


Innate Abilities, Weirdness & Mutations

You have a pair of horns on your head.
You reflexively headbutt those who attack you in melee.


Message History

"Let's try an experiment, hmmm?"
One of your 3 poisoned darts falls out of your pack, then immediately jumps back in!
Something completely misses you.
You hit something. Your headbutt misses something.
Something hits you but does no damage. Something closely misses you.
The lemure hits your worm zombie!
You closely miss something. Your headbutt misses something. Something hits you!
Something freezes you. The lemure hits your worm zombie. x2
Something barely misses you.
You slash something! Lightning courses through something!
You headbutt something! Something hits you. Something freezes you.
The lemure hits your worm zombie. The lemure hits your worm zombie!
You miss something. Your headbutt misses something. Something hits you!
* * * LOW HITPOINT WARNING * * *
Something freezes you.
* * * LOW HITPOINT WARNING * * *
The lemure hits your worm zombie. The lemure hits your worm zombie!
Something hits you.
* * * LOW HITPOINT WARNING * * *
Something freezes you.
* * * LOW HITPOINT WARNING * * *
Your worm zombie bites the lemure.
You hit something but do no damage. Your headbutt misses something.
Something hits you but does no damage. The lemure hits your worm zombie!
Your worm zombie is destroyed!
Something hits you.
* * * LOW HITPOINT WARNING * * *
Something freezes you.
* * * LOW HITPOINT WARNING * * *
You emit a cloud of colourful smoke!
Something hits you.
* * * LOW HITPOINT WARNING * * *
Something freezes you.
* * * LOW HITPOINT WARNING * * *
You closely miss the lemure.
The lemure is moderately wounded.
You hit something but do no damage. You closely miss the lemure.
Something hits you.
You die...
Xom thinks this is hilarious!

#########...........#
....................#
.......#####...)....#
.......##...........#
.......##.##....#####
.......##.##.####
.......##.#..#
.......##...##########
#########......#@5§..##
# ##........§5{....##
##........§..§.....#
###..#...........)...#
###.......<........)...#
.....###...........[...#
..#..###...............#
K.....................##
..<..................##


You could see 2 lemures.

Vanquished Creatures
  An ogre (D:4)
  2 lemures (D:4)
  A water moccasin skeleton (D:4)
  2 hounds
  An orc priest (D:3)
  5 adders
  3 adder skeletons (D:4)
  2 worms
  4 dart slugs
  5 orcs
  3 endoplasms
  11 goblins
  6 hobgoblins
  3 jackals (D:4)
  9 kobolds
  4 quokkas
  7 ball pythons
  5 bats
  3 frilled lizards
  9 rats
86 creatures vanquished.

Notes
Turn   | Place    | Note
-------+----------+-------------------------------------------
     0 | D:1      | silky the Minotaur Chaos Knight began the quest for the
                  | Orb.
     0 | D:1      | Reached XP level 1. HP: 19/19 MP: 0/0
    29 | D:1      | XOM: divination: detect items
    37 | D:1      | XOM: silly message
   135 | D:1      | Reached skill level 4 in Axes
   161 | D:1      | Reached XP level 2. HP: 27/27 MP: 1/1
   191 | D:1      | Found a faded altar of an unknown god.
   212 | D:1      | XOM: silly message
   336 | D:1      | XOM: silly message
   625 | D:2      | XOM: silly message
   655 | D:2      | Reached XP level 3. HP: 33/33 MP: 2/2
   912 | D:2      | XOM: cloud trail
   961 | D:2      | XOM: silly message
  1050 | D:2      | XOM: silly message
  1100 | D:2      | Reached XP level 4. HP: 39/41 MP: 3/3
  1159 | D:2      | XOM: god gift: twitching pewter ring {god gift}
  1159 | D:2      | Identified the ring "Veacecs" {Fly rElec} (Xom gifted it to
                  | you on level 2 of the Dungeon)
  1179 | D:2      | Reached skill level 5 in Axes
  1401 | D:3      | XOM: butterfly on damage
  1407 | D:3      | HP: 2/41 [orc priest/divine providence (9)]
  1413 | D:3      | HP: 2/61 [frozen (2)]
  1416 | D:3      | Reached skill level 5 in Fighting
  1416 | D:3      | Reached XP level 5. HP: 3/48 MP: 0/4
  2249 | D:3      | Found a white marble altar of Elyvilon.
  2505 | D:3      | Found a hazy altar of Hepliaklqana.
  2612 | D:4      | XOM: silly message
  2712 | D:4      | XOM: divination: detect creatures
  2713 | D:4      | Found a sparkling altar of Nemelex Xobeh.
  2805 | D:4      | Reached skill level 6 in Axes
  2805 | D:4      | Reached XP level 6. HP: 48/56 MP: 5/5
  3110 | D:4      | Noticed Pikel
  3201 | D:4      | XOM: silly message
  3208 | D:4      | XOM: smoke on damage
  3208 | D:4      | HP: 2/51 [something (1)]
  3209 | D:4      | Slain by Pikel

Illustrated notes

Levels and vault maps discovered:
D:1:      giann_wishing_wells, layout_rooms,
          hellmonk_ecumenical_altar_leap_of_faith
D:2:      layout_loops_cross, minmay_pentomino_x4
D:3:      layout_loops_cross, mainiacjoe_overflow_alcove_4, elyvilon_altar_4
D:4:      layout_rooms, amcnicky_altar_gilded, uniq_pikel

Skill      XL: |  1  2  3  4  5 |
---------------+----------------+-----
Axes           | 4 5 6 |  6.5
Fighting       | 4 5 |  5.5
Armour         | 3 |  3.9
Dodging        | 2 |  2.2
Stealth        | |  0.5

Action                   |  1- 3 |  4- 6 || total
-------------------------+-------+-------++-------
Melee: Hand axe          |    66 |   132 ||   198
       Headbutt          |     9 |    17 ||    26
       Punch             |       |     1 ||     1
  Use: Potion            |     1 |     2 ||     3
       Scroll            |       |     1 ||     1
Armor: Leather armour    |     7 |       ||     7
       Scale mail        |    15 |    50 ||    65
Dodge: Dodged            |    44 |    92 ||   136
